 Dungeon Crawl Stone Soup version 0.29.1-13-g9f3cf754e1 (webtiles) character file.

Game seed: 10683480173225422095

1645 shadowmeld the Magician (level 9, -1/93 HPs)
             Began as a Djinni Transmuter on Feb 1, 2023.
             Slain by an orc warrior
             ... wielding a +0 dire flail
              (13 damage)
             ... on level 6 of the Dungeon.
             The game lasted 00:30:48 (7066 turns).

shadowmeld the Magician (Djinni Transmuter)         Turns: 7066, Time: 00:30:49

Health: -1/93      AC: 24    Str:  9    XL:     9   Next: 19%
Gold:   229        EV:  2    Int: 19    God:
                   SH:  0    Dex: 14

rFire   . . .      SeeInvis .   g - +3 dagger (speed)
rCold   . . .      Faith    .   (no shield)
rNeg    . . .      Spirit   .   (body armour currently unavailable)
rPois   ∞          Reflect  .   (helmet currently unavailable)
rElec   .          Harm     .   (cloak currently unavailable)
rCorr   .          Rampage  .   (gloves currently unavailable)
Will    +....      NoTele   +   (boots unavailable)
Stlth   +.........              (no amulet)
HPRegen 0.25/turn               h - ring of willpower
MPRegen 0.00/turn               (no ring)

@: tree-form
A: stationary, stasis, torment immunity, boosted hp, sickness immunity, (fire
resistance 2), (cold vulnerability 1), float, innate caster, HP casting, extra
vitality 1
a: no special abilities


You were on level 6 of the Dungeon.
You were a tree.
You visited 1 branch of the dungeon, and saw 6 of its levels.

You collected 229 gold pieces.

Inventory:

Hand Weapons
 g - a +3 dagger of speed (weapon)
Missiles
 w - 12 poisoned darts
 x - 4 throwing nets
Armour
 a - a +0 robe (melded)
 c - a +0 cloak (melded)
Jewellery
 h - a ring of willpower (left branch)
Wands
 u - a wand of roots (7)
Scrolls
 e - a scroll of vulnerability {unknown}
 j - a scroll of poison {unknown}
 k - 3 scrolls of identify {unknown}
 l - 4 scrolls of teleportation {unknown}
 n - 2 scrolls of fog {unknown}
 q - 4 scrolls of noise {unknown}
 s - 2 scrolls of immolation {unknown}
 t - 2 scrolls of silence {unknown}
 v - a scroll of torment {unknown}
 y - a scroll of fear {unknown}
Potions
 b - 2 potions of lignification
 d - 4 potions of curing
 f - 2 potions of heal wounds {unknown}
 i - a potion of resistance {unknown}
 m - a potion of ambrosia {unknown}
 o - 2 potions of berserk rage {unknown}
 p - 2 potions of brilliance {unknown}
 r - a potion of might {unknown}
 z - a potion of haste {unknown}
 A - a potion of degeneration {unknown}
 B - a potion of flight {unknown}


   Skills:
 * Level 3.8 Fighting
 * Level 4.7 Dodging
 + Level 4.0 Unarmed Combat
 * Level 7.1 Spellcasting
 + Level 1.1 Evocations


You had 2 spell levels left.
You knew the following spells:

 Your Spells              Type           Power      Damage    Failure   Level
a - Beastly Appendage     Tmut           68%        N/A       1%          1
b - Wereblood             Tmut           34%        N/A       1%          2
c - Spider Form           Tmut/Pois      34%        N/A       1%          3
d - Ice Form              Ice/Tmut       34%        N/A       5%          4
e - Shock                 Conj/Air       100%       1d9       1%          1
f - Static Discharge      Conj/Air       34%        3-8/arc   1%          2
g - Teleport Other        Tloc           34%        N/A       1%          3
h - Airstrike             Air            17%        2d(3-19)  5%          4
Your spell library was empty.

Dungeon Overview and Level Annotations

Branches:
Dungeon (6/15)
 Temple: D:4-7

Altars:
Dithmenos
Fedhas
Okawaru
Trog
Uskayaw
Wu Jian
Yredelemnul
Zin

Annotations:
D:5 1 runed translucent door


Innate Abilities, Weirdness & Mutations

You are a tree.
Your roots penetrate the ground, keeping you stationary.
You cannot be teleported.
You are immune to unholy pain and torment.
Your maximum health is greatly increased.
Your equipment is partially melded.
You are immune to sickness and miasma.
You are immune to poison.
((Your flesh is very heat resistant. (rF++)))
((You are vulnerable to cold. (rC-)))
You float through the air rather than walking.
You learn spells naturally, not from books.
Your magical power is your life essence.
You have superior vitality. (+4 MHP)


Message History

The orc warrior is almost dead.
The orc warrior barely misses you.
You closely miss the orc warrior.
The orc warrior is almost dead.
The orc warrior hits you but does no damage.
You hit the orc warrior.
The orc warrior is almost dead.
You hit the orc warrior but do no damage.
The orc warrior is almost dead.
The orc warrior hits you with a +0 dire flail!
* * * LOW HITPOINT WARNING * * *
You barely miss the orc warrior.
The orc warrior is almost dead.
The orc warrior hits you with a +0 dire flail!
* * * LOW HITPOINT WARNING * * *
You hit the orc warrior but do no damage.
The orc warrior is almost dead.
You hit the orc warrior but do no damage.
The orc warrior is almost dead.
The orc warrior hits you with a +0 dire flail!
* * * LOW HITPOINT WARNING * * *
Okay, then.
Okay, then.
It was a potion of curing.
You feel better.
The orc warrior hits you but does no damage.
The orc wizard mumbles some strange words.
The orc wizard flickers and vanishes!
You barely miss the orc warrior.
The orc warrior is almost dead.
A hound comes into view.
The orc warrior hits you with a +0 dire flail.
* * * LOW HITPOINT WARNING * * *
You closely miss the orc warrior.
The hound barks!
You punch the orc warrior.
The orc warrior is almost dead.
You hit the orc warrior but do no damage.
The orc warrior is almost dead.
The orc warrior hits you with a +0 dire flail!
You die...

.........................<
#......########.######.#.
#......# #.# #.##
#......########.# #.#
#......'........# #.#
#......########## ...
#......# #....# ###
##......###o...#
.......<.♣o{...+
..#########{...# # #....#
#....# ...........+
#.....#o...# #####.#o...#
# .#o.#.. .)...#...


You could see an orc warrior and an orc.

Vanquished Creatures
  Grinder (D:4)
  The ghost of FizzleBangTC the Digger, an amateur MeEE (D:5)
  An ice beast (D:6)
  3 ogres
  3 phantoms
  A kobold brigand (D:5)
  2 scorpions
  4 killer bees (D:5)
  2 hounds (D:5)
  4 iguanas
  An orc wizard (D:5)
  8 adders
  2 ufetubi (D:4)
  3 worms
  9 orcs
  10 ball pythons
  5 bats
  7 endoplasms
  6 giant cockroaches
  4 goblins
  13 hobgoblins
  8 jackals
  2 quokkas
  4 frilled lizards
  9 kobolds
  4 rats
117 creatures vanquished.

Vanquished Creatures (others)
  2 plants (D:1)
2 creatures vanquished.

Grand Total: 119 creatures vanquished

Notes
Turn   | Place    | Note
-------+----------+-------------------------------------------
     0 | D:1      | shadowmeld the Djinni Transmuter began the quest for the
                  | Orb.
     0 | D:1      | shadowmeld set off with the following spells memorised:
                  | Beastly Appendage, Wereblood, Spider Form, Ice Form.
     0 | D:1      | Reached XP level 1. HP: 17/17 MP: 0/0
   118 | D:1      | Reached XP level 2. HP: 15/22 MP: 0/0
   621 | D:1      | Found a faded altar of an unknown god.
   791 | D:1      | Reached XP level 3. HP: 26/27 MP: 0/0
   791 | D:1      | Learned a level 1 spell: Shock
  1000 | D:2      | Reached skill level 2 in Spellcasting
  1695 | D:2      | Reached XP level 4. HP: 29/32 MP: 0/0
  2334 | D:3      | Found an iron altar of Okawaru.
  2418 | D:3      | Found a glowing silver altar of Zin.
  2518 | D:3      | Noticed a scorpion
  2536 | D:3      | Killed a scorpion
  2537 | D:3      | Reached XP level 5. HP: 38/38 MP: 0/0
  2537 | D:3      | Learned a level 2 spell: Static Discharge
  2764 | D:3      | Found an ornate altar of the Wu Jian Council.
  3085 | D:3      | Reached skill level 3 in Spellcasting
  3156 | D:3      | Found a hide-covered altar of Uskayaw.
  3831 | D:4      | Reached XP level 6. HP: 30/43 MP: 0/0
  3979 | D:4      | Noticed an ogre
  3984 | D:4      | Noticed Grinder
  3986 | D:4      | Killed an ogre
  3987 | D:4      | Reached skill level 1 in Evocations
  3987 | D:4      | Paralysed by Grinder for 5 turns
  4002 | D:4      | Killed Grinder
  4003 | D:4      | Reached skill level 4 in Spellcasting
  4003 | D:4      | Reached XP level 7. HP: 29/49 MP: 0/0
  4003 | D:4      | Learned a level 3 spell: Teleport Other
  4448 | D:4      | Found a shadowy altar of Dithmenos.
  4704 | D:4      | Found a bloodstained altar of Trog.
  4884 | D:4      | Reached skill level 5 in Spellcasting
  4884 | D:4      | Reached XP level 8. HP: 13/56 MP: 0/0
  5346 | D:5      | Entered Level 5 of the Dungeon
  5520 | D:5      | Found a blossoming altar of Fedhas.
  5547 | D:5      | Found a basalt altar of Yredelemnul.
  5934 | D:5      | Found a runed translucent door.
  5938 | D:5      | Noticed FizzleBangTC's ghost (amateur MeEE)
  5950 | D:5      | Killed FizzleBangTC's ghost
  5951 | D:5      | Reached skill level 6 in Spellcasting
  5956 | D:5      | Found a runed translucent door.
  6562 | D:5      | Reached XP level 9. HP: 51/61 MP: 0/0
  6562 | D:5      | Learned a level 4 spell: Airstrike
  6654 | D:5      | Reached skill level 7 in Spellcasting
  7066 | D:6      | Slain by an orc warrior

Illustrated notes

Levels and vault maps discovered:
D:1:      dpeg_arrival_orchard, layout_rooms,
          shapermc_ecumenical_altar_rom_forum
D:2:      layout_loops_cross
D:3:      layout_basic, mainiacjoe_overflow_six_doors_small,
          mainiacjoe_overflow_24_doors, nzn_wu_jian_council_hall,
          old_standard_altar
D:4:      layout_basic, trog_book, nicolae_dithmenos_through_a_glass_darkly,
          uniq_grinder
D:5:      layout_layer_cave, mainiacjoe_overflow_two_lobes,
          nicolae_ossuary_entry_plus, ebering_ghost_sewer_f,
          chequers_serial_rivers_marsh
D:6:      layout_basic, uniq_eustachio

Skill      XL: |  1  2  3  4  5  6  7  8  9 |
---------------+----------------------------+-----
Spellcasting   | 2 3 4 5 6 7 |  7.1
Fighting       | 2 3 |  3.8
Dodging        | 3 4 |  4.7
Evocations     | 1 |  1.1
Unarmed Combat | 4 |  4.0

Action                   |  1- 3 |  4- 6 |  7- 9 || total
-------------------------+-------+-------+-------++-------
Melee: Unarmed           |    47 |       |    30 ||    77
       Headbutt          |    10 |       |       ||    10
       Punch             |     2 |       |     2 ||     4
       Dagger            |    30 |    28 |    45 ||   103
 Cast: Beastly Appendage |     9 |       |       ||     9
       Shock             |    46 |    85 |   118 ||   249
       Ice Form          |       |       |     5 ||     5
       Static Discharge  |       |       |     2 ||     2
Evoke: Wand              |       |     2 |       ||     2
  Use: Potion            |       |     1 |     2 ||     3
Armor: Robe              |    27 |    11 |     6 ||    44
       Skin              |       |     6 |     8 ||    14
Dodge: Dodged            |    53 |    13 |    34 ||   100
